 Dungeon Crawl Stone Soup version 0.21.1-1-g345015f (webtiles) character file.

357556 jamsan the Merry Centaur (level 21, -1/185 HPs)
             Began as a Centaur Hunter on June 15, 2018.
             Was the Champion of Okawaru.
             Splashed by an acid blob's acid (7 damage)
             ... on level 1 of the Pits of Slime on June 17, 2018.
             The game lasted 07:49:47 (68285 turns).

jamsan the Merry Centaur (Centaur Hunter)          Turns: 68285, Time: 07:49:48

Health: -1/185     AC: 37    Str: 17    XL:     21   Next: 42%
Magic:  29/29      EV:  9    Int: 13    God:    Okawaru [******]
Gold:   3097       SH:  0    Dex: 18    Spells: 26/26 levels left

rFire    . . .     SeeInvis +   b - +4 longbow of Honesty {freeze, rPois rC+}
rCold    + . .     Gourm    .   (shield currently unavailable)
rNeg     + . .     Faith    .   Q - +8 plate armour of the Shining Light {rElec}
rPois    +         Spirit   .   y - +2 hat {SInv}
rElec    +         Reflect  .   Y - +2 cloak {MR+}
rCorr    .         Harm     .   t - +2 pair of gloves
MR       ++...                  k - +4 centaur barding of Amorality {+Blink Regen+ Int+3}
Stlth    ..........             (no amulet)
HPRegen  0.80/turn              h - ring of positive energy
MPRegen  0.21/turn              R - +5 ring of evasion

@: corroded, very quick
A: large, hooves 3, deformed body, speed 2, tough skin 3
}: 2/15 runes: decaying, gossamer
a: Heroism, Finesse, Renounce Religion, Evoke Blink


You were on level 1 of the Pits of Slime.
You worshipped Okawaru.
Okawaru was exalted by your worship.
You were not hungry.

You visited 9 branches of the dungeon, and saw 40 of its levels.
You visited the Abyss 1 time.
You also visited: Ice Cave.

You collected 3443 gold pieces.
You spent 346 gold pieces at shops.

Inventory:

Hand Weapons
 a - the +8 battleaxe of the Pits of Slime {flame, rF+ rC+ Str+6}
   (Okawaru gifted it to you on level 15 of the Dungeon)

   It has been specially enchanted to burn those struck by it, causing extra
   injury to most foes and up to half again as much damage against particularly
   susceptible opponents.
   Big, fiery blades are also staple armaments of hydra-hunters.
   It affects your strength (+6).
   It protects you from fire.
   It protects you from cold.
 b - the +4 longbow of Honesty (weapon) {freeze, rPois rC+}
   (You acquired it on level 1 of the Spider Nest)

   It causes projectiles fired from it to freeze those they strike, causing
   extra injury to most foes and up to half again as much damage against
   particularly susceptible opponents.
   They can also slow down cold-blooded creatures.
   It protects you from cold.
   It protects you from poison.
Missiles
 d - 470 arrows (quivered)
Armour
 k - the +4 centaur barding of Amorality (worn) {+Blink Regen+ Int+3}
   (Okawaru gifted it to you on level 2 of the Lair of Beasts)

   It affects your intelligence (+3).
   It lets you blink.
   It increases your rate of regeneration.
 t - a +2 pair of gloves (worn)
 y - a +2 hat of see invisible (worn)
 Q - the +8 plate armour of the Shining Light (worn) {rElec}
   (Okawaru gifted it to you on level 2 of the Vaults)

   It insulates you from electricity.
 Y - a +2 cloak of magic resistance (worn)
Jewellery
 h - a ring of positive energy (left hand)
 K - a +2 ring of dexterity
 R - a +5 ring of evasion (right hand)
Wands
 e - a wand of random effects (13)
 i - a wand of iceblast (15)
 u - a wand of enslavement (10)
 I - a wand of flame (18)
 L - a wand of clouds (1)
 O - a wand of acid (21)
 V - a wand of disintegration (22)
 X - a wand of paralysis (50)
 Z - a wand of digging (31)
Scrolls
 l - 15 scrolls of teleportation
 n - 6 scrolls of enchant armour
 q - 9 scrolls of magic mapping
 s - 7 scrolls of enchant weapon
 D - 6 scrolls of amnesia
 E - 2 scrolls of silence
 J - 5 scrolls of identify
 P - 10 scrolls of remove curse
 S - 2 scrolls of brand weapon {unknown}
 T - 4 scrolls of fog
 U - 4 scrolls of fear
Potions
 g - 13 potions of curing
 j - 2 potions of heal wounds
 m - 6 potions of ambrosia
 o - 8 potions of brilliance
 p - 4 potions of agility
 r - 8 potions of flight
 v - a potion of berserk rage
 x - a potion of cancellation
 A - 8 potions of magic
 B - a potion of haste
 C - 4 potions of mutation
 F - 6 potions of lignification
 G - 2 potions of invisibility
 M - 3 potions of might
Miscellaneous
 H - a lamp of fire
 N - a fan of gales
 W - a phial of floods (inert)
Comestibles
 f - 37 rations


   Skills:
 + Level 15.5 Fighting
 O Level 27 Bows
 + Level 18.2 Armour
 - Level 2.0 Dodging
 - Level 0.4 Stealth
 - Level 3.0 Spellcasting
 - Level 6.3 Invocations
 + Level 11.0 Evocations


You had 26 spell levels left.
You didn't know any spells.

Dungeon Overview and Level Annotations

Branches:
Dungeon (15/15)            Temple (1/1) D:6            Lair (6/6) D:8
  Swamp (4/4) Lair:2       Spider (4/4) Lair:4        Slime (1/5) Lair:5
    Orc (2/2) D:12            Elf (0/3) Orc:2        Vaults (4/5) D:13
  Crypt (0/3) Vaults:3     Depths (3/5) D:15

Altars:
Cheibriados
Dithmenos
Elyvilon
Gozag
Kikubaaqudgha
Okawaru
Sif Muna
Trog
Uskayaw
Wu Jian
Xom
The Shining One
Beogh
Jiyva

Shops:
D:9 (   Orc:2 (*?*   Vaults:1 *   Vaults:3 ((*:

Portals:
Hell: Depths:1
Pandemonium: Depths:1
Trove: D:11 (give +4 demon whip)

Annotations:
D:6 exclusion: downstairs
D:10 exclusions: downstairs and 2 upstairs
D:12 exclusion: downstairs
D:15 exclusion: downstairs
Lair:5 exclusion: 2 downstairs
Swamp:1 1 exclusion
Vaults:3 exclusion: 2 downstairs
Vaults:4 Sojobo
Depths:1 35 runed doors, exclusion: downstairs
Depths:2 Mara


Innate Abilities, Weirdness & Mutations

You have hooves in place of feet.
Armour fits poorly on your strangely shaped body.
You cover ground very quickly.
You have extremely tough skin. (AC +3)


Message History

* * * LOW HITPOINT WARNING * * *
You feel much better.
You are splashed with acid!
The walls burn you!
* * * LOW HITPOINT WARNING * * *
The acid blob hits you but does no damage.
The acid blob jiggles.
The acid blob hits you but does no damage.
The acid blob spits acid at you. The splash of acid hits you!
You are splashed with acid!
The acid burns!
* * * LOW HITPOINT WARNING * * *
As you read the scroll of fear, it crumbles to dust.
You assume a fearsome visage.
The acid blob resists with almost no effort.
The great orb of eyes resists with almost no effort.
The golden eye looks frightened!
The acid blob resists with almost no effort.
You are splashed with acid!
The walls burn you!
* * * LOW HITPOINT WARNING * * *
The acid blob spits acid at you. The splash of acid hits you!
You are splashed with acid!
The acid burns!
You die...

##.## .....
...###....#.
#...#.......
......(....
#..#.(.....
##..((.(((.. #
##..GG....... ## ##
##...(J...# .###.# ##
#...(@J.###
..#...##.###....####
.#.#.##.........##
#....###.........#
......##.#....#.#....
..........(...##....#
....#..........##.###
..............## ##
......##.....###.


You could see 2 acid blobs, a great orb of eyes and a golden eye (fleeing).

Vanquished Creatures
  Saint Roka (Orc:2)
  Arachne (Spider:1)
  Jorgrun (Spider:2)
  A lich (Vaults:4)
  A deep elf blademaster (Depths:2)
  A deep elf master archer (Depths:2)
  Frances (Lair:2)
  A quicksilver dragon (Depths:2)
  4 sphinxes
  Gastronok (D:8)
  6 tengu reavers
  2 thorn hunters (Swamp:3)
  A storm dragon (Vaults:2)
  3 fire giants
  An iron dragon (Depths:2)
  2 frost giants
  A deep elf sorcerer (Vaults:1)
  6 vault wardens
  A ghost moth (shapeshifter) (Depths:2)
  3 ghost moths
  Aizul (Depths:1)
  8 emperor scorpions
  15 ironheart preservers
  3 war gargoyles (Depths:2)
  5 very ugly things (Vaults:4)
  A vampire knight (Depths:1)
  4 stone giants
  5 entropy weavers
  An entropy weaver (shapeshifter) (Vaults:1)
  5 deep elf annihilators
  6 dire elephants (Lair:6)
  5 spark wasps
  3 deep elf death magi
  An eidolon (Vaults:3)
  9 ettins
  2 green deaths (Swamp:4)
  A death ooze (Swamp:4)
  The ghost of WinstonMain the Slicer, a journeyman VSBe of Trog (Lair:4)
  5 fire dragons
  Fannar (Lair:2)
  6 rakshasas
  8 ogre magi
  2 hell beasts (Swamp:4)
  6 yaktaur captains
  10 hydras
  3 great orbs of eyes
  12 vault guards
  5 ice dragons
  The ghost of Unprinted the Slicer, a journeyman MiMo of Dithmenos (Lair:1)
  An anaconda (Lair:6)
  A juggernaut simulacrum (Depths:2)
  3 catoblepae
  4 alligators
  37 two-headed ogres
  11 centaur warriors
  5 deep troll shamans (Depths:1)
  A death knight (Vaults:4)
  5 death yaks (Lair:6)
  A thrashing horror (Swamp:4)
  2 dancing weapons (Depths:2)
  4 orc high priests
  The ghost of jamsan the Markscentaur, a novice CeHu of Okawaru (D:9)
  2 vampire magi
  2 shock serpents
  Sonja (D:11)
  5 deep troll earth magi
  6 deep elf knights
  A hell knight (Vaults:2)
  An iron troll (Depths:1)
  8 swamp dragons
  2 unseen horrors
  23 deep trolls
  An unseen horror (shapeshifter) (Vaults:1)
  A flayed ghost (Vaults:4)
  2 spriggan druids
  A glowing orange brain (Vaults:1)
  Pikel (D:4)
  9 deep elf archers
  7 ironbrand convokers
  9 harpies
  A shambling mangrove (Swamp:2)
  2 phantasmal warriors (Depths:1)
  A wolf spider zombie (D:14)
  2 large abominations (Swamp:4)
  21 deep elf magi
  A lindwurm (Lair:5)
  11 orc knights
  3 necromancers (Vaults:4)
  4 orc sorcerers
  A stone giant zombie (Vaults:4)
  21 orb spiders
  41 ugly things
  A faun (shapeshifter) (Vaults:2)
  A shining eye (Slime:1)
  6 cyclopes
  2 moths of wrath
  An orb spider (shapeshifter) (Depths:1)
  A fire giant skeleton (Vaults:4)
  An oklob plant (Lair:2)
  5 centaur zombies
  31 wolf spiders
  A fire giant zombie (Vaults:4)
  5 elephants
  3 black mambas
  8 vault sentinels
  Maurice (D:8)
  A titan simulacrum (Vaults:4)
  A naga mage (Depths:2)
  Joseph (D:9)
  2 orange demons
  3 rust devils (Depths:1)
  2 gargoyles
  14 spiny frogs
  2 torpor snails
  19 yaktaurs
  3 ice statues (IceCv)
  A centaur skeleton (D:15)
  3 rime drakes
  6 komodo dragons
  2 komodo dragons (shapeshifter)
  14 demonic crawlers
  A rime drake (shapeshifter) (Vaults:1)
  5 freezing wraiths
  An anaconda simulacrum (Depths:2)
  A hellwing (Depths:1)
  8 trolls
  A meliai (shapeshifter) (Depths:2)
  3 tyrant leeches
  20 hornets
  5 polar bears
  A polar bear (shapeshifter) (D:15)
  32 jumping spiders
  Prince Ribbit (D:8)
  12 blink frogs
  50 slime creatures
  13 bog bodies
  9 dream sheep
  13 hippogriffs
  A snapping turtle (shapeshifter) (Depths:2)
  5 shadows
  12 spriggans
  A yak (shapeshifter) (Vaults:1)
  69 redbacks
  An ettin skeleton (Vaults:4)
  A flying skull (Vaults:3)
  5 wraiths
  The ghost of emiel the Scratcher, an amateur FeFi of Cheibriados (D:7)
  44 yaks
  2 fire bats (Depths:1)
  A tarantella (shapeshifter) (Vaults:3)
  31 tarantellas
  A wyvern (shapeshifter) (Vaults:1)
  4 wyverns
  A spriggan (shapeshifter) (Vaults:1)
  2 basilisks
  5 golden eyes (Slime:1)
  33 vampire mosquitoes
  4 hungry ghosts
  A yaktaur simulacrum (Vaults:1)
  16 swamp worms
  Edmund (D:5)
  An acid dragon (D:13)
  8 wargs
  A harpy simulacrum (D:14)
  5 insubstantial wisps (Swamp:1)
  2 soldier ants
  A soldier ant (shapeshifter) (Depths:2)
  13 water moccasins
  4 porcupines
  29 orc warriors
  6 swamp drakes
  A sky beast (D:10)
  10 ice beasts
  A black bear (D:9)
  3 necrophages
  4 slaves
  28 ogres
  4 phantoms
  7 wolves
  5 boggarts (Depths:1)
  25 centaurs
  8 crocodiles
  4 big kobolds
  A gnoll sergeant (D:8)
  14 bullfrogs
  A wyvern skeleton (D:13)
  9 scorpions
  9 wights
  7 killer bees
  7 electric eels
  8 howler monkeys
  4 jellies
  3 crimson imps
  6 hounds
  3 quasits
  34 orc priests
  A bullfrog skeleton (D:9)
  3 iron imps (Depths:1)
  6 iguanas
  26 orc wizards
  9 worker ants
  Natasha (twice) (D:4)
  5 hell rats (Lair:6)
  18 gnolls
  A howler monkey skeleton (D:5)
  13 adders
  4 shadow imps
  A white imp (Depths:1)
  3 oozes
  2 adder skeletons
  4 worms
  2 dart slugs
  4 leopard geckos
  127 orcs
  6 giant cockroaches
  8 goblins
  7 hobgoblins
  2 jackals (D:2)
  20 kobolds
  4 quokkas
  10 bats
  7 frilled lizards
  5 rats
  A fire vortex (Depths:1)
  4 plants
1581 creatures vanquished.

Vanquished Creatures (collateral kills)
  A vault warden (Vaults:4)
  A reaper (Depths:1)
  A yaktaur captain (D:15)
  2 vault guards
  A deep troll (Depths:1)
  A swamp dragon (Swamp:4)
  A deep elf archer (Vaults:3)
  A hornet (Swamp:4)
  2 slime creatures (Swamp:4)
  A spriggan (Swamp:4)
  A swamp drake (Swamp:4)
  A scorpion (Spider:1)
  An ufetubus (Depths:1)
15 creatures vanquished.

Vanquished Creatures (others)
  An unseen horror (D:15)
  An orc knight (Vaults:2)
  A wolf spider (Spider:4)
  An ogre (Vaults:4)
  A crimson imp (Depths:1)
  9 fungi
  4 plants
18 creatures vanquished.

Grand Total: 1614 creatures vanquished

Notes
Turn   | Place    | Note
-------+----------+-------------------------------------------
     0 | D:1      | jamsan the Centaur Hunter began the quest for the Orb.
     0 | D:1      | Reached XP level 1. HP: 17/17 MP: 1/1
   164 | D:1      | Reached XP level 2. HP: 21/24 MP: 2/2
   191 | D:1      | Reached skill level 6 in Bows
   560 | D:1      | Reached XP level 3. HP: 23/29 MP: 3/3
   901 | D:1      | Reached skill level 7 in Bows
  1164 | D:3      | Found a snail-covered altar of Cheibriados.
  1191 | D:2      | Reached XP level 4. HP: 36/36 MP: 4/4
  1889 | D:2      | Reached skill level 8 in Bows
  2030 | D:2      | Found a deep blue altar of Sif Muna.
  2355 | D:3      | Reached XP level 5. HP: 35/41 MP: 5/5
  2666 | D:3      | Reached skill level 9 in Bows
  3216 | D:4      | Reached XP level 6. HP: 25/48 MP: 6/6
  3467 | D:4      | Noticed Edmund
  3499 | D:4      | Noticed a slave
  3500 | D:4      | Noticed Pikel
  3501 | D:4      | Noticed a slave
  3517 | D:3      | Killed a slave
  3612 | D:4      | Reached skill level 10 in Bows
  3634 | D:4      | Noticed a slave
  3634 | D:4      | Noticed a slave
  3928 | D:4      | Reached skill level 11 in Bows
  3928 | D:4      | Reached XP level 7. HP: 32/55 MP: 7/7
  4734 | D:5      | Entered Level 5 of the Dungeon
  5217 | D:4      | Found a deep blue altar of Sif Muna.
  5217 | D:4      | Found a shimmering altar of Xom.
  5219 | D:4      | Found a hide-covered altar of Uskayaw.
  5601 | D:4      | Found an ornate altar of the Wu Jian Council.
  5601 | D:4      | Found an ancient bone altar of Kikubaaqudgha.
  5881 | D:4      | Noticed Natasha
  5889 | D:4      | Killed Natasha
  6005 | D:4      | Noticed Natasha
  6012 | D:4      | Killed Natasha
  6153 | D:5      | Killed Edmund
  6153 | D:5      | Reached skill level 12 in Bows
  6727 | D:5      | Reached XP level 8. HP: 33/61 MP: 8/8
  7279 | D:6      | Reached skill level 13 in Bows
  7304 | D:6      | Noticed a two-headed ogre
  7534 | D:6      | Found a staircase to the Ecumenical Temple.
  7547 | Temple   | Entered the Ecumenical Temple
  7591 | Temple   | Became a worshipper of Warmaster Okawaru
  7795 | D:7      | Reached skill level 14 in Bows
  7802 | D:7      | Noticed emiel's ghost (amateur FeFi)
  7819 | D:7      | Killed emiel's ghost
  7825 | D:7      | Noticed a two-headed ogre
  7852 | D:6      | Found a shadowy altar of Dithmenos.
  8330 | D:7      | Reached * piety under Okawaru
  8330 | D:7      | Reached skill level 15 in Bows
  8483 | D:7      | Reached XP level 9. HP: 67/67 MP: 9/9
  8927 | D:8      | Reached skill level 16 in Bows
  9026 | D:8      | Noticed Gastronok
  9080 | D:8      | Noticed Prince Ribbit
  9109 | D:8      | Killed Prince Ribbit
  9242 | D:8      | Reached ** piety under Okawaru
  9289 | D:8      | Noticed Maurice
  9691 | D:8      | Reached skill level 17 in Bows
  9828 | D:7      | Found a shadowy altar of Dithmenos.
 10362 | D:8      | Found a staircase to the Lair.
 10558 | D:9      | Found Estoh's Antique Weapon Emporium.
 10640 | D:9      | Reached XP level 10. HP: 70/73 MP: 10/10
 10760 | D:9      | Reached skill level 18 in Bows
 10833 | D:9      | Reached *** piety under Okawaru
 11010 | D:9      | Received a gift from Okawaru
 11059 | D:9      | Noticed Joseph
 11516 | D:9      | Noticed jamsan's ghost (novice CeHu)
 11613 | D:10     | Entered Level 10 of the Dungeon
 12166 | D:9      | Found a roughly hewn altar of Beogh.
 12685 | D:9      | Killed jamsan's ghost
 12685 | D:9      | Reached skill level 19 in Bows
 12886 | D:9      | Reached **** piety under Okawaru
 13161 | D:9      | Received a gift from Okawaru
 13813 | D:10     | Reached skill level 20 in Bows
 13848 | D:10     | Noticed a two-headed ogre
 13867 | D:10     | Killed a two-headed ogre
 13897 | D:10     | You fall through a shaft for 3 floors!
 13906 | D:13     | Reached XP level 11. HP: 75/81 MP: 11/11
 13996 | D:13     | Received a gift from Okawaru
 14148 | D:13     | Noticed a vault guard
 14148 | D:13     | Noticed a vault guard
 14149 | D:13     | Noticed a vault guard
 14172 | D:13     | Noticed a deep elf mage
 14590 | D:12     | Found a glowing golden altar of the Shining One.
 14688 | D:12     | Found a staircase to the Orcish Mines.
 15437 | D:11     | Noticed Sonja
 15978 | D:10     | Reached skill level 21 in Bows
 16676 | D:10     | Received a gift from Okawaru
 16750 | D:10     | Noticed a skeletal warrior
 16751 | D:10     | Noticed a skeletal warrior
 16752 | D:10     | Noticed a death knight
 17023 | D:10     | Noticed a two-headed ogre
 17863 | D:10     | Killed a two-headed ogre
 18129 | D:10     | Received a gift from Okawaru
 18853 | D:11     | Noticed a two-headed ogre
 18883 | D:11     | Killed a two-headed ogre
 18883 | D:11     | Reached ***** piety under Okawaru
 18883 | D:11     | Received a gift from Okawaru
 18883 | D:11     | Reached skill level 22 in Bows
 19096 | D:11     | Received a gift from Okawaru
 19353 | D:11     | Found a portal to a secret trove of treasure.
 19690 | D:12     | Received a gift from Okawaru
 19995 | D:12     | Noticed a deep elf mage
 20425 | D:13     | Reached XP level 12. HP: 57/91 MP: 12/12
 20750 | D:13     | Received a gift from Okawaru
 20836 | D:13     | Noticed a vault guard
 21356 | D:13     | Noticed a vault guard
 21358 | D:13     | Noticed a two-headed ogre
 21371 | D:13     | Killed a two-headed ogre
 21371 | D:13     | Received a gift from Okawaru
 21371 | D:13     | Reached skill level 23 in Bows
 21597 | D:8      | Killed Gastronok
 21597 | D:8      | Received a gift from Okawaru
 21647 | D:8      | Killed Maurice
 21704 | Lair:1   | Entered Level 1 of the Lair of Beasts
 21831 | Lair:1   | Noticed an eight-headed hydra
 22093 | Lair:1   | Noticed Unprinted's ghost (journeyman MiMo)
 22124 | Lair:1   | Killed Unprinted's ghost
 22275 | Lair:1   | Reached skill level 24 in Bows
 22709 | Lair:2   | Received a gift from Okawaru
 22714 | Lair:2   | Got a dazzling centaur barding {god gift}
 22720 | Lair:2   | Identified the +4 centaur barding of Amorality {+Blink Regen+ Int+3} (Okawaru gifted it to you on level 2 of the Lair of Beasts)
 22763 | Lair:2   | Noticed Fannar
 22776 | Lair:2   | Killed Fannar
 22776 | Lair:2   | Reached skill level 1 in Invocations
 22951 | Lair:2   | Found a staircase to the Swamp.
 22961 | Lair:2   | Reached skill level 1 in Spellcasting
 23579 | Lair:3   | Reached skill level 1 in Armour
 23599 | Lair:3   | Found a frozen archway.
 23642 | IceCv    | Entered an ice cave
 23709 | IceCv    | Reached XP level 13. HP: 99/99 MP: 15/15
 23880 | IceCv    | Reached ****** piety under Okawaru
 24341 | Lair:3   | Reached skill level 5 in Fighting
 25222 | Lair:4   | Received a gift from Okawaru
 25389 | Lair:4   | Noticed WinstonMain's ghost (journeyman VSBe)
 25407 | Lair:4   | Killed WinstonMain's ghost
 25425 | Lair:4   | Found a hole to the Spider Nest.
 25828 | Lair:5   | Found a staircase to the Slime Pits.
 25830 | Lair:5   | Found a viscous altar of Jiyva.
 25874 | Lair:5   | Received a gift from Okawaru
 25884 | Lair:5   | Reached skill level 25 in Bows
 26272 | Lair:6   | Entered Level 6 of the Lair of Beasts
 27144 | Lair:6   | Received a gift from Okawaru
 27228 | Lair:6   | Reached XP level 14. HP: 108/114 MP: 17/17
 27243 | Lair:6   | Received a gift from Okawaru
 27815 | Lair:6   | Reached skill level 26 in Bows
 29044 | D:4      | Killed Pikel
 29155 | D:9      | Found a roughly hewn altar of Beogh.
 29230 | D:9      | Killed Joseph
 29328 | D:11     | Killed Sonja
 30101 | D:13     | Received a gift from Okawaru
 30230 | D:13     | Reached skill level 1 in Evocations
 30694 | D:13     | Reached skill level 27 in Bows
 30990 | D:13     | Found a gate to the Vaults.
 31302 | D:14     | Reached skill level 10 in Fighting
 31396 | D:14     | Reached XP level 15. HP: 126/126 MP: 18/18
 31440 | D:15     | Entered Level 15 of the Dungeon
 31535 | D:14     | Received a gift from Okawaru
 32249 | D:14     | Received a gift from Okawaru
 32915 | D:15     | Received a gift from Okawaru
 33339 | D:15     | Found a staircase to the Depths.
 33354 | D:15     | Received a gift from Okawaru
 33357 | D:15     | Reached skill level 5 in Armour
 33418 | D:15     | Got a transparent battleaxe {god gift}
 33419 | D:15     | Identified the +8 battleaxe of the Pits of Slime {flame, rF+ rC+ Str+6} (Okawaru gifted it to you on level 15 of the Dungeon)
 33936 | Orc:1    | Entered Level 1 of the Orcish Mines
 33945 | Orc:2    | Entered Level 2 of the Orcish Mines
 34026 | Orc:1    | Paralysed by an orc sorcerer for 5 turns
 34259 | Orc:1    | Reached skill level 5 in Evocations
 34615 | Orc:2    | Found a staircase to the Elven Halls.
 34776 | Orc:2    | Noticed Saint Roka
 35526 | Orc:2    | Received a gift from Okawaru
 35696 | Orc:2    | Killed Saint Roka
 35972 | Orc:2    | Found Siwneen's General Store.
 35972 | Orc:2    | Found Kaniwnol's Antique Weapon Boutique.
 35979 | Orc:2    | Found Teahiux's General Store.
 35979 | Orc:2    | Found Rudoesum's Magic Scroll Shop.
 35989 | Orc:2    | Bought 2 scrolls of identify for 52 gold pieces
 35994 | Orc:2    | Bought a scroll of identify for 26 gold pieces
 35994 | Orc:2    | Bought a scroll of magic mapping for 45 gold pieces
 35994 | Orc:2    | Bought a scroll of magic mapping for 45 gold pieces
 36445 | Swamp:1  | Entered Level 1 of the Swamp
 36445 | Swamp:1  | Noticed Frances
 36851 | Spider:1 | Entered Level 1 of the Spider Nest
 37410 | Spider:1 | Received a gift from Okawaru
 37458 | Spider:1 | Reached XP level 16. HP: 138/138 MP: 18/20
 37751 | Spider:1 | Identified a scroll of acquirement
 38958 | Spider:2 | Noticed Jorgrun
 38960 | Spider:2 | Noticed Arachne
 39073 | Lair:2   | Killed Frances
 39681 | Swamp:3  | Noticed a thorn hunter
 40227 | Swamp:2  | Received a gift from Okawaru
 40685 | Swamp:3  | Noticed a thorn hunter
 40772 | Swamp:4  | Entered Level 4 of the Swamp
 41106 | Swamp:3  | Killed a thorn hunter
 41120 | Swamp:3  | Received a gift from Okawaru
 41152 | Swamp:3  | Killed a thorn hunter
 41735 | Swamp:4  | Received a gift from Okawaru
 41788 | Swamp:4  | Reached skill level 10 in Armour
 42143 | Swamp:3  | HP: 7/143 [poisoned by a swamp dragon (poison gas)]
 42150 | Swamp:3  | HP: 7/143 [poisoned by a swamp dragon (poison gas)]
 42510 | Swamp:4  | Received a gift from Okawaru
 42674 | Swamp:4  | Reached XP level 17. HP: 149/149 MP: 21/21
 44308 | Swamp:4  | Got a decaying rune of Zot
 45890 | Vaults:1 | Entered Level 1 of the Vaults
 46101 | Vaults:1 | Found Saumug's General Store.
 46109 | Vaults:1 | Bought a scroll of magic mapping for 49 gold pieces
 46596 | Vaults:1 | Received a gift from Okawaru
 47306 | Vaults:1 | Received a gift from Okawaru
 47309 | Vaults:1 | Got a shimmering robe {god gift}
 47320 | Vaults:1 | Identified the +2 robe "Tiablees" {MR+} (Okawaru gifted it to you on level 1 of the Vaults)
 48277 | Vaults:2 | Reached XP level 18. HP: 87/157 MP: 22/22
 48294 | Vaults:2 | HP: 7/157 [deep elf death mage/vampiric draining[an ironheart preserver] (19)]
 49440 | Vaults:2 | Cast into level 2 of the Abyss (a deep elf sorcerer)
 49471 | Abyss:2  | Found a corrupted altar of Lugonu.
 49521 | Vaults:2 | Escaped the Abyss
 49815 | Vaults:2 | Reached skill level 5 in Invocations
 49824 | Vaults:2 | Received a gift from Okawaru
 51086 | Vaults:2 | Received a gift from Okawaru
 51087 | Vaults:2 | Got a spiked plate armour {god gift}
 51098 | Vaults:2 | Identified the +8 plate armour of the Shining Light {rElec} (Okawaru gifted it to you on level 2 of the Vaults)
 52261 | Vaults:3 | Found Utamaoj's Weapon Emporium.
 52720 | Vaults:3 | Found Suitic's Weapon Shoppe.
 53225 | Vaults:3 | Reached skill level 15 in Armour
 53261 | Vaults:3 | Found Letem's Assorted Antiques.
 53267 | Vaults:3 | Bought a potion of curing for 129 gold pieces
 53541 | Vaults:3 | Received a gift from Okawaru
 53542 | Vaults:3 | Got an ancient centaur barding {god gift}
 53553 | Vaults:3 | Identified the +2 centaur barding of Inquiry {rElec rC+ Str+2} (Okawaru gifted it to you on level 3 of the Vaults)
 53763 | Vaults:3 | Reached XP level 19. HP: 136/163 MP: 15/23
 53949 | Vaults:3 | Found a staircase to the Crypt.
 54602 | Vaults:3 | Found Byafarch's Book Emporium.
 54998 | Vaults:4 | Paralysed by a sphinx for 7 turns
 55130 | Vaults:4 | Noticed Sojobo
 55684 | Spider:1 | Killed Arachne
 55957 | Spider:1 | Got a crude longbow
 55958 | Spider:1 | Identified the +4 longbow of Honesty {freeze, rPois rC+} (You acquired it on level 1 of the Spider Nest)
 55974 | Spider:2 | Killed Jorgrun
 55983 | Spider:2 | Received a gift from Okawaru
 56275 | Spider:2 | Got a citrine-encrusted scale mail
 56276 | Spider:2 | Identified the cursed +0 scale mail of Absence {rC+ Str+2 Dex-3} (You found it on level 2 of the Spider Nest)
 56886 | Spider:3 | Received a gift from Okawaru
 58106 | Spider:4 | Entered Level 4 of the Spider Nest
 59033 | Spider:4 | Received a gift from Okawaru
 59121 | Spider:3 | HP: 8/165 [poisoned by an emperor scorpion]
 59126 | Spider:3 | HP: 5/165 [poisoned by an emperor scorpion]
 59131 | Spider:3 | HP: 4/165 [poisoned by an emperor scorpion]
 59136 | Spider:3 | HP: 4/165 [poisoned by an emperor scorpion]
 59141 | Spider:3 | HP: 6/165 [poisoned by an emperor scorpion]
 59662 | Spider:4 | Received a gift from Okawaru
 59662 | Spider:4 | Reached XP level 20. HP: 130/173 MP: 25/25
 59685 | Spider:4 | Got a gossamer rune of Zot
 60011 | Lair:6   | Got a slimy ring mail
 60012 | Lair:6   | Identified the +0 ring mail "Mejoddan" {*Slow rCorr Str+8 Stlth+} (You found it on level 6 of the Lair of Beasts)
 60502 | Depths:1 | Entered Level 1 of the Depths
 60502 | Depths:1 | Found a huge runed gate.
 60502 | Depths:1 | Found a huge runed gate.
 60503 | Depths:1 | Found a huge runed gate.
 60504 | Depths:1 | Found a huge runed gate.
 60508 | Depths:1 | Found a huge runed gate.
 60508 | Depths:1 | Found a huge runed gate.
 60508 | Depths:1 | Found a huge runed gate.
 60508 | Depths:1 | Found a huge runed gate.
 61231 | Depths:1 | Noticed Aizul
 61247 | Depths:1 | Killed Aizul
 61615 | Depths:1 | Found a huge runed gate.
 61617 | Depths:1 | Found a huge runed gate.
 61617 | Depths:1 | Found a huge runed gate.
 61619 | Depths:1 | Found a huge runed gate.
 61619 | Depths:1 | Found a huge runed gate.
 61620 | Depths:1 | Found a huge runed gate.
 61620 | Depths:1 | Found a huge runed gate.
 61620 | Depths:1 | Found a huge runed gate.
 61620 | Depths:1 | Found a huge runed gate.
 61620 | Depths:1 | Found a huge runed gate.
 61622 | Depths:1 | Found a huge runed gate.
 61624 | Depths:1 | Found a huge runed gate.
 61626 | Depths:1 | Found a huge runed gate.
 62226 | Depths:1 | Received a gift from Okawaru
 62271 | Depths:1 | Found a one-way gate leading to the halls of Pandemonium.
 62391 | Depths:1 | Found a huge runed gate.
 62391 | Depths:1 | Found a huge runed gate.
 62396 | Depths:1 | vault of doors
 62402 | Depths:1 | Found a huge runed gate.
 62511 | Depths:1 | Found a gateway to Hell.
 62990 | Depths:2 | Received a gift from Okawaru
 62991 | Depths:2 | Got a faintly glowing triple sword {god gift}
 62992 | Depths:2 | Identified the +9 triple sword "Killer Bee's Peril" {flame, rPois rF- rN++} (Okawaru gifted it to you on level 2 of the Depths)
 63713 | Depths:2 | Received a gift from Okawaru
 63810 | Depths:2 | Noticed an ancient lich
 64090 | Depths:1 | Found a huge runed gate.
 64125 | Depths:1 | Found a huge runed gate.
 64126 | Depths:1 | Found a huge runed gate.
 64127 | Depths:1 | Found a huge runed gate.
 64128 | Depths:1 | Found a huge runed gate.
 64129 | Depths:1 | Found a huge runed gate.
 64133 | Depths:1 | Found a huge runed gate.
 64135 | Depths:1 | Found a huge runed gate.
 64136 | Depths:1 | Found a huge runed gate.
 64137 | Depths:1 | Found a huge runed gate.
 64496 | Vaults:4 | Reached skill level 10 in Evocations
 64582 | Vaults:4 | Reached XP level 21. HP: 183/183 MP: 28/28
 64811 | Vaults:4 | Reached skill level 15 in Fighting
 64887 | Vaults:4 | Received a gift from Okawaru
 65382 | Vaults:4 | Received a gift from Okawaru
 67350 | Depths:1 | Found a huge runed gate.
 67548 | Depths:3 | Noticed Mara
 67575 | Depths:1 | Paralysed by an ancient lich for 4 turns
 67604 | D:15     | motherfucking ancient lich
 68079 | Slime:1  | Entered Level 1 of the Pits of Slime
 68285 | Slime:1  | HP: 5/185 [acid (15)]
 68285 | Slime:1  | Splashed by an acid blob's acid

Skill      XL: |  1  2  3  4  5  6  7  8  9 10 11 12 13 14 15 16 17 18 19 20 21 |
---------------+----------------------------------------------------------------+-----
Bows           | 6 7 8 9 11 12 15 17 20 22 24 25 27 | 27.0
Fighting       | 4 7 10 11 13 14 15 | 15.5
Invocations    | 2 3 6 |  6.3
Spellcasting   | 1 2 3 |  3.0
Armour         | 1 2 7 10 13 15 17 18 | 18.2
Evocations     | 3 6 10 11 | 11.0
Dodging        | 2 |  2.0
Stealth        | |  0.4

Action                   |  1- 3 |  4- 6 |  7- 9 | 10-12 | 13-15 | 16-18 | 19-21 || total
-------------------------+-------+-------+-------+-------+-------+-------+-------++-------
Melee: Short sword       |   133 |    16 |       |       |       |       |       ||   149
       Kick              |    14 |     9 |    14 |     7 |    11 |     3 |     4 ||    62
       Dagger            |       |    35 |    49 |       |       |       |       ||    84
       Trident           |       |       |     5 |       |       |       |       ||     5
       Lajatang          |       |       |     2 |    26 |    17 |       |       ||    45
       Battleaxe         |       |       |       |       |     2 |     9 |     6 ||    17
       Longbow           |       |       |       |       |     1 |     2 |     2 ||     5
 Fire: Shortbow          |     9 |   192 |   458 |  1055 |       |       |       ||  1714
       Longbow           |       |       |       |   149 |  1464 |  1986 |  1873 ||  5472
Invok: Heroism           |       |       |       |     3 |    17 |    16 |     9 ||    45
       Finesse           |       |       |       |       |    24 |    14 |     5 ||    43
 Abil: Evoke Blink       |       |       |       |       |       |     8 |       ||     8
Evoke: Wand              |       |       |     5 |     7 |    12 |    12 |     6 ||    42
       Lamp of fire      |       |       |       |     2 |     1 |     9 |     6 ||    18
       Phial of floods   |       |       |       |       |     1 |     8 |     6 ||    15
       Fan of gales      |       |       |       |       |       |       |     3 ||     3
  Use: Scroll            |       |     4 |    12 |    15 |     9 |    11 |    11 ||    62
       Potion            |       |       |     1 |     4 |     9 |    12 |     5 ||    31
  Eat: Ration            |       |     2 |     6 |     9 |     8 |     9 |     7 ||    41
       Chunk             |       |     1 |     1 |     5 |     6 |    10 |    11 ||    34
Armor: Leather armour    |    66 |    47 |       |       |       |       |       ||   113
       Chain mail        |       |     4 |    22 |       |       |       |       ||    26
       Scale mail        |       |       |    62 |   170 |   315 |   776 |       ||  1323
       Skin              |       |       |       |       |     4 |    38 |       ||    42
       Ice dragon scales |       |       |       |       |       |     1 |       ||     1
       Plate armour      |       |       |       |       |       |    74 |   884 ||   958
Dodge: Dodged            |    71 |    58 |    56 |   130 |   266 |   687 |   282 ||  1550
       Deflected         |       |     1 |     8 |    33 |    28 |       |       ||    70
